 Dungeon Crawl Stone Soup version 0.28-a0-664-gc179e30c89 (webtiles) character file.

Game seed: 17867408748938050827

1397 devnull the Cleaver (level 8, 0/74 HPs)
             Began as a Hill Orc Cinder Acolyte on Oct 16, 2021.
             Was an Initiate of Okawaru.
             Slain by a fire elemental (1 damage)
             ... created by the fiery vengeance of Ignis
             ... on level 5 of the Dungeon.
             The game lasted 00:25:44 (8948 turns).

devnull the Cleaver (Hill Orc Cinder Acolyte)       Turns: 8948, Time: 00:25:45

Health: 0/74       AC:  9    Str: 17    XL:     8   Next: 69%
Magic:  9/9        EV:  6    Int: 14    God:    Okawaru [......]
Gold:   75         SH:  7    Dex:  8    Spells: 9/9 levels left

rFire   . . .      SeeInvis .   a - -1 hand axe (flame)
rCold   . . .      Faith    .   A - +2 buckler
rNeg    . . .      Spirit   .   d - +0 chain mail
rPois   .          Reflect  .   e - +0 helmet
rElec   .          Harm     .   (no cloak)
rCorr   .          Rampage  .   (no gloves)
Will    .....                   (no boots)
Stlth   ..........              (no amulet)
HPRegen 0.22/turn               (no ring)
MPRegen 0.11/turn               (no ring)

@: about to teleport, fire susceptible
A: no striking features
a: Renounce Religion


You were on level 5 of the Dungeon.
You worshipped Okawaru.
Okawaru was noncommittal.
You visited 1 branch of the dungeon, and saw 6 of its levels.

You collected 165 gold pieces.
You spent 90 gold pieces at shops.

Inventory:

Hand Weapons
 a - a -1 hand axe of flaming (weapon)
Missiles
 p - 35 poisoned darts (quivered)
Armour
 d - a +0 chain mail (worn)
 e - a +0 helmet (worn)
 f - a +0 tower shield
 A - a +2 buckler (worn)
Jewellery
 x - a ring of fire
Wands
 j - a wand of charming (6)
 r - a wand of polymorph (9)
 y - a wand of digging (8)
Scrolls
 c - a scroll of immolation
 g - a scroll of noise
 h - a scroll of magic mapping
 n - a scroll of holy word
 s - a scroll of amnesia {unknown}
 t - a scroll of fog {unknown}
 u - a scroll of teleportation
 B - a scroll of blinking {unknown}
Potions
 i - 2 potions of haste
 k - a potion of might {unknown}
 l - a potion of brilliance {unknown}
 m - a potion of attraction
 o - 3 potions of curing
 q - a potion of flight {unknown}
 v - a potion of mutation {unknown}
 w - 2 potions of lignification {unknown}
 z - a potion of degeneration {unknown}


   Skills:
 + Level 8.0 Fighting
 + Level 8.8 Axes
 + Level 6.1 Shields
 - Level 1.0 Spellcasting
 - Level 3.7 Fire Magic


You had 9 spell levels left.
You didn't know any spells.
Your spell library contained the following spells:

 Spells                   Type           Power      Damage    Failure   Level
 Scorch                   Fire           22%        2d6       83%         2


Dungeon Overview and Level Annotations

Branches:
Dungeon (6/15)
 Temple: D:4-7

Altars:
Okawaru
Zin

Shops:
D:5 =


Message History

You hit the black bear. You burn the black bear.
You kill the black bear!
Okawaru accepts your kill.
Your life force feels restored.
Your Fighting skill increases to level 8!
There is a stone staircase leading up here.
You see here a black bear corpse.
You start resting. "These will know how to inflict the punishment due to you!"
The divine experience confuses you!
You are confused. 2 fire elementals come into view.
You climb upwards.
There is a stone staircase leading down here.
You miss the fire elemental.
You hit the fire elemental but do no damage.
The fire elemental hits you. The fire elemental burns you!
The fire elemental hits you. The fire elemental burns you!
You closely miss the fire elemental. You hit the fire elemental.
The fire elemental hits you. The fire elemental burns you!
The fire elemental hits you. The fire elemental burns you!
* * * LOW HITPOINT WARNING * * *
Okay, then.
You feel much better. The fire elemental hits you.
The fire elemental burns you! The fire elemental hits you.
The fire elemental burns you!
You are too confused!
You feel less confused. The fire elemental hits you.
The fire elemental burns you!
* * * LOW HITPOINT WARNING * * *
Cleave: a) -1 hand axe (flame)
Press: ? - help, Dir - move target, f - fire elemental
Aim: a fire elemental (durably summoned, about 42% to evade your -1 hand axe of flaming)
Okay, then.
Okay, then.
As you read the scroll of teleportation, it crumbles to dust.
You feel strangely unstable. The fire elemental hits you.
The fire elemental burns you!
* * * LOW HITPOINT WARNING * * *
You block the fire elemental's attack. The fire elemental hits you.
You die...

#...............#.....#......
#....########...#.....'......
#....##....##...#.....#......
#.....#....######.....#######
#.....#....#..............(..
#.....#....#.................
#....##....#.................
#....##....#.................
#.....#....'@E○..............
#.....#....#.E☼......<.......
#.....#....############.....#
#.....#.....# #.....#
#.....#.....# #.....#
#.(..###...## #.....# ######
##### #.....# #.....# ##.....


You could see 2 fire elementals.

Vanquished Creatures
  An ice beast (D:5)
  2 black bears
  A necrophage (D:5)
  An ogre (D:5)
  A centaur (D:5)
  A phantom (D:5)
  2 scorpions (D:4)
  A water moccasin skeleton (D:4)
  3 wights (D:4)
  2 centaur skeletons
  2 hounds
  A gnoll shaman (D:4)
  2 iguanas (D:5)
  A scorpion zombie (D:5)
  An orc wizard (D:4)
  2 hound skeletons (D:4)
  Robin (D:4)
  6 gnolls
  5 adders
  2 adder skeletons
  A worm (D:2)
  3 dart slugs
  3 orcs (D:4)
  4 bats
  9 endoplasms
  11 giant cockroaches
  11 goblins
  10 hobgoblins
  9 jackals
  12 kobolds
  5 quokkas
  14 ball pythons
  A frilled lizard (D:3)
  5 rats
136 creatures vanquished.

Vanquished Creatures (others)
  66 foxfires
66 creatures vanquished.

Grand Total: 202 creatures vanquished

Notes
Turn   | Place    | Note
-------+----------+-------------------------------------------
     0 | D:1      | devnull the Hill Orc Cinder Acolyte began the quest for the
                  | Orb.
     0 | D:1      | Reached XP level 1. HP: 19/19 MP: 2/2
   302 | D:1      | Reached XP level 2. HP: 27/27 MP: 3/3
   855 | D:1      | Reached XP level 3. HP: 29/33 MP: 4/4
  1683 | D:2      | Found an iron altar of Okawaru.
  2202 | D:2      | Reached skill level 1 in Shields
  2202 | D:2      | Reached XP level 4. HP: 25/41 MP: 5/5
  2388 | D:2      | Reached skill level 5 in Axes
  3269 | D:3      | Reached XP level 5. HP: 44/47 MP: 6/6
  4050 | D:4      | Noticed Robin
  4072 | D:4      | Killed Robin
  4073 | D:4      | Reached skill level 5 in Fighting
  4299 | D:4      | Found Zin's Purification Station.
  4302 | D:4      | Found a glowing silver altar of Zin.
  5002 | D:4      | Reached XP level 6. HP: 53/56 MP: 7/7
  5660 | D:4      | Reached XP level 7. HP: 41/63 MP: 8/8
  5858 | D:5      | Entered Level 5 of the Dungeon
  7036 | D:5      | Reached skill level 5 in Shields
  7036 | D:5      | Reached XP level 8. HP: 28/73 MP: 9/9
  7365 | D:5      | Found Zyapigib's Jewellery Emporium.
  8723 | D:4      | Bought a potion of curing for 90 gold pieces
  8797 | D:2      | Fell from the grace of Ignis
  8797 | D:2      | Became a worshipper of Warmaster Okawaru
  8948 | D:5      | HP: 1/74 [fire elemental[the fiery vengeance of Ignis]
                  | (12)]
  8948 | D:5      | Slain by a fire elemental

Illustrated notes

Levels and vault maps discovered:
D:1:      nicolae_arrival_memento_mori, layout_loops_ring
D:2:      layout_loops_ring, basic_altar, st_stairs_10, minmay_pentomino_z4
D:3:      layout_basic, minivault_27
D:4:      layout_basic, zin_purify, minmay_joined_circles, uniq_robin
D:5:      layout_gridville, serial_shops,
          nicolae_shop_competitors_out_of_business
D:6:      layout_loops_ring, minmay_temple_entry_mist, uniq_menkaure

Skill      XL: |  1  2  3  4  5  6  7  8 |
---------------+-------------------------+-----
Fighting       | 4 5 6 7 8 |  8.0
Shields        | 1 2 3 5 6 |  6.1
Axes           | 5 6 7 8 |  8.8
Spellcasting   | |  1.0
Fire Magic     | |  3.7

Action                   |  1- 3 |  4- 6 |  7- 9 || total
-------------------------+-------+-------+-------++-------
Melee: Hand axe          |   141 |   270 |   247 ||   658
Invok: Foxfire Swarm     |     2 |     4 |     2 ||     8
       Sea of Fire       |     1 |     1 |       ||     2
       Rising Flame      |       |     1 |       ||     1
  Use: Scroll            |     2 |     4 |     5 ||    11
       Potion            |       |     2 |     3 ||     5
Armor: Chain mail        |   109 |   157 |   137 ||   403
       Robe              |     2 |       |       ||     2
Dodge: Dodged            |    44 |    77 |    68 ||   189
Block: Tower shield      |    26 |       |       ||    26
       Buckler           |       |       |    39 ||    39

Table legend: (Time is in decaauts)
 A = Elapsed time spent in this place.
 B = Non-inter-level travel time spent in this place.
 C = Inter-level travel time spent in this place.
 D = Time resting spent in this place.
 E = Time spent auto-exploring this place.
 F = Levels seen in this place.
 G = Mean time per level.
                   A        B        C        D        E       F      G
               +--------+--------+--------+--------+--------+-----+--------+
         Total |   8983 |   8267 |    716 |   1945 |   4856 |   6 | 1497.2 |
       Dungeon |   8983 |   8267 |    716 |   1945 |   4856 |   6 | 1497.2 |
               +--------+--------+--------+--------+--------+-----+--------+

Top non-repeatable levels by time:
     D:4: 2601 daAuts
     D:5: 2100 daAuts
     D:1: 1611 daAuts
     D:2: 1436 daAuts
     D:3: 1157 daAuts
     D:6: 77 daAuts
